 Dungeon Crawl Stone Soup version 0.30.0-10-gfe55d96785 (webtiles) character file.

Game seed: 18071354591049380737

50 GloriousHammer the Trooper (level 3, -7/40 HPs)
             Began as an Ogre Cinder Acolyte on May 14, 2023.
             Was a High Priest of Ignis.
             Killed from afar by Terence (15 damage)
             ... with a bolt of dispelling energy
             ... on level 2 of the Dungeon.
             The game lasted 00:04:14 (2165 turns).

GloriousHammer the Trooper (Ogre Cinder Acolyte)    Turns: 2165, Time: 00:04:14

Health: -7/40      AC:  3    Str: 18    XL:     3   Next: 79%
Magic:  2/6        EV:  9    Int: 17    God:    Ignis [*****.]
Gold:   107        SH:  0    Dex:  4    Spells: 4/6 levels left

rFire   + . .        a - +2 short sword (flame)
rCold   . . .        (no shield)
rNeg    . . .        m - +0 robe
rPois   .            (helmet restricted)
rElec   .            (no cloak)
rCorr   .            (gloves unavailable)
SInv    .            (boots unavailable)
Will    .....        (no amulet)
Stlth   +            (no ring)
HPRegen 0.26/turn    (no ring)
MPRegen 0.10/turn

%: no passive effects
@: no status effects
A: large, unfitting armour, tough skin 1
a: Renounce Religion, Fiery Armour, Foxfire Swarm, Rising Flame


You were on level 2 of the Dungeon.
You worshipped Ignis.
Ignis was extremely pleased with you.
You visited 1 branch of the dungeon, and saw 2 of its levels.

You collected 107 gold pieces.

Inventory:

Hand Weapons
 a - a +2 short sword of flaming (weapon)
 b - a +0 sling
Missiles
 e - 6 poisoned darts (quivered)
Armour
 m - a +0 robe (worn)
Scrolls
 c - 2 scrolls of identify {unknown}
 i - a scroll of vulnerability {unknown}
 j - 2 scrolls of enchant weapon {unknown}
 l - a scroll of torment {unknown}
 n - a scroll of amnesia {unknown}
Potions
 d - a potion of curing {unknown}
 f - a potion of invisibility {unknown}
 g - a potion of ambrosia {unknown}
 h - a potion of brilliance {unknown}
 k - a potion of flight {unknown}


   Skills:
 + Level 4.7 Fighting
 - Level 2.8 Maces & Flails
 + Level 2.3 Spellcasting
 + Level 3.2 Fire Magic


You had 4 spell levels left.
You knew the following spells:

 Your Spells              Type           Power      Damage    Failure   Level
a - Scorch                Fire           24%        2d6       8%          2

Your spell library contained the following spells:

 Spells                   Type           Power      Damage    Failure   Level


Dungeon Overview and Level Annotations

Branches:
Dungeon (2/15)

Altars:

Shops:
D:2 !

Annotations:
D:2 Terence


Innate Abilities, Weirdness & Mutations

You are too large for most types of armour.
You have tough skin. (AC +1)


Message History

You completely miss the worm.
The worm is almost dead.
The worm bites you!
You hit the worm. You burn the worm.
You kill the worm!
A rat comes into view.
A rat is nearby!
Casting: Scorch (safe; 8% risk of failure)
Confirm with . or Enter, or press ? or * to list all spells.
Flames lash the rat.
You kill the rat!
HP restored.
Magic restored.
A goblin comes into view. It is wielding a +0 club.
The goblin shouts!
Casting: Scorch (safe; 8% risk of failure)
Confirm with . or Enter, or press ? or * to list all spells.
You miscast Scorch.
You are very lightly contaminated with residual magic.
Nothing appears to happen.
Casting: Scorch (safe; 8% risk of failure)
Confirm with . or Enter, or press ? or * to list all spells.
Flames lash the goblin.
You kill the goblin!
Found a sling.
A rat comes into view.
You see here a +0 club.
A rat is nearby!
You start resting.
Your magical contamination has completely faded away.
A rat is nearby!
Casting: Scorch (safe; 8% risk of failure)
Confirm with . or Enter, or press ? or * to list all spells.
Flames lash the rat.
You kill the rat!
You see here a rat corpse.
You see here a +0 sling.
m - a +0 sling Adjust to which letter? (? for menu, Esc to quit)
a - a +2 short sword of flaming (weapon)
l - a scroll labelled USAEGH TUON Adjust to which letter? (? for menu, Esc to quit)
b - a +0 sling;
m - a +0 robe (worn)
Okay, then.
Your +2 short sword of flaming stops flaming.
b - a +0 sling (weapon)
Magic restored.
A goblin comes into view.
It is wielding a +0 club and quivering curare-tipped darts.
You shoot a sling bullet. The goblin shouts!
The sling bullet hits the goblin.
You kill the goblin!
You now have 88 gold pieces (gained 10).
Things that are here:
a +0 club; 6 curare-tipped darts
Found a stone staircase leading down.
A worm comes into view.
You shoot a sling bullet.
The sling bullet barely misses the worm.
You shoot a sling bullet. The sling bullet hits the worm.
The worm is moderately wounded.
You shoot a sling bullet.
The sling bullet barely misses the worm.
You shoot a sling bullet. The sling bullet hits the worm.
The worm is moderately wounded.
Casting: Scorch (safe; 8% risk of failure)
Confirm with . or Enter, or press ? or * to list all spells.
Flames lash the worm.
The worm is heavily wounded.
The worm's fire resistance burns away.
Casting: Scorch (safe; 8% risk of failure)
Confirm with . or Enter, or press ? or * to list all spells.
You miscast Scorch.
You are very lightly contaminated with residual magic.
Nothing appears to happen.
Casting: Scorch (safe; 8% risk of failure)
Confirm with . or Enter, or press ? or * to list all spells.
Flames lash the worm.
The worm is burned terribly!
The worm is almost dead.
Your +2 short sword of flaming bursts into flame!
a - a +2 short sword of flaming (weapon)
You completely miss the worm.
The worm is almost dead.
You completely miss the worm.
The worm is almost dead.
The worm bites you.
You hit the worm. You burn the worm.
You kill the worm!
No target in view!
Your magical contamination has completely faded away.
HP restored.
Found 7 stones.
n - a scroll labelled WUPSYQ RAOZ
Casting: Scorch (safe; 8% risk of failure)
Confirm with . or Enter, or press ? or * to list all spells.
Okay, then.
A quokka comes into view.
A quokka is nearby!
Found a gold piece.
Casting: Scorch (safe; 8% risk of failure)
Confirm with . or Enter, or press ? or * to list all spells.
You miscast Scorch.
You are very lightly contaminated with residual magic.
Nothing appears to happen.
The quokka bites you but does no damage.
You barely miss the quokka.
The quokka bites you but does no damage.
You hit the quokka. You burn the quokka.
The quokka is heavily wounded.
The quokka bites you.
You hit the quokka. You burn the quokka.
You kill the quokka!
Found a stone staircase leading down.
Your magical contamination has completely faded away.
You now have 89 gold pieces (gained 1).
A dart slug comes into view.
Found 2 poisoned darts.
The dart slug launches a dart at you. The slug dart hits you.
You start resting.
A dart slug is nearby!
Casting: Scorch (safe; 8% risk of failure)
Confirm with . or Enter, or press ? or * to list all spells.
Flames lash the dart slug.
The dart slug is severely wounded.
The dart slug's fire resistance burns away.
Casting: Scorch (safe; 8% risk of failure)
Confirm with . or Enter, or press ? or * to list all spells.
Flames lash the dart slug.
The dart slug is burned terribly!
You kill the dart slug!
Magic restored.
e - 6 poisoned darts (gained 2)
Found 4 stones.
Found a stone staircase leading up.
You now have 107 gold pieces (gained 18).
A dart slug comes into view.
Casting: Scorch (safe; 8% risk of failure)
Confirm with . or Enter, or press ? or * to list all spells.
Flames lash the dart slug.
The dart slug is severely wounded.
The dart slug's fire resistance burns away.
You hear a shout!
The dart slug launches a dart at you. The slug dart hits you.
You hit the dart slug. You burn the dart slug.
You kill the dart slug!
Terence the Incautious comes into view.
He is wielding a +0 short sword and carrying a wand of quicksilver (9).
Terence is nearby!
Casting: Scorch (safe; 8% risk of failure)
Confirm with . or Enter, or press ? or * to list all spells.
Flames lash Terence but do no damage.
You hear a shout!
Casting: Scorch (safe; 8% risk of failure)
Confirm with . or Enter, or press ? or * to list all spells.
You miscast Scorch.
You are very lightly contaminated with residual magic.
Nothing appears to happen.
Terence closely misses you.
A hobgoblin comes into view.
Casting: Scorch (safe; 8% risk of failure)
Confirm with . or Enter, or press ? or * to list all spells.
You don't have enough magic to cast this spell.
You barely miss Terence. Terence hits you with a +0 short sword.
You hit Terence but do no damage. Terence hits you with a +0 short sword.
You hit Terence. You burn Terence.
Terence is moderately wounded.
Terence completely misses you.
You hit Terence but do no damage.
Terence is moderately wounded.
Terence looks scornfully at you.
Terence zaps a wand.
The bolt of dispelling energy hits you!
You completely miss Terence.
Terence is moderately wounded.
Terence hits you with a +0 short sword!
* * * LOW HITPOINT WARNING * * *
You hit Terence but do no damage.
Terence is moderately wounded.
Terence hits you but does no damage.
You hit Terence but do no damage.
Terence is moderately wounded.
The hobgoblin closely misses you. Terence barely misses you.
Your magical contamination has completely faded away.
You barely miss Terence.
Terence is moderately wounded.
Terence hits you with a +0 short sword.
* * * LOW HITPOINT WARNING * * *
The hobgoblin hits you but does no damage.
Unknown command.
You barely miss Terence.
Terence is moderately wounded.
The hobgoblin hits you.
* * * LOW HITPOINT WARNING * * *
Terence hits you with a +0 short sword.
* * * LOW HITPOINT WARNING * * *
Unknown command.
You hit Terence but do no damage.
Terence is moderately wounded.
Terence zaps a wand.
The bolt of dispelling energy hits you!
You die...

#.###.## ..#####.##......#
#######.#......#.......
...............#.......
#............ #....... .
#........... #....##.
...##........### #....###
........#@.....####....##.
........g@................
......#.#......#....#####.
...## #.#.............# #.
. ........#.......# #.
...(.............###.
#.........#.......#...
......................
##..<.######...........
... ...........


You could see Terence and a hobgoblin.

Vanquished Creatures
  2 worms (D:2)
  2 dart slugs (D:2)
  3 bats
  4 endoplasms
  2 giant cockroaches (D:1)
  4 goblins
  2 hobgoblins
  4 jackals (D:2)
  4 quokkas
  2 frilled lizards (D:1)
  4 kobolds
  4 rats
37 creatures vanquished.

Notes
Turn   | Place    | Note
-------+----------+-------------------------------------------
     0 | D:1      | GloriousHammer the Ogre Cinder Acolyte began the quest for
                  | the Orb.
     0 | D:1      | Reached XP level 1. HP: 24/24 MP: 2/2
   178 | D:1      | Reached XP level 2. HP: 32/32 MP: 4/4
   318 | D:1      | Learned a level 2 spell: Scorch
  1475 | D:2      | Reached XP level 3. HP: 20/40 MP: 1/6
  1678 | D:2      | Found Muoxet's Distillery.
  2149 | D:2      | Noticed Terence
  2165 | D:2      | Killed from afar by Terence

Illustrated notes

Levels and vault maps discovered:
D:1:      psy_arrival_spokes, layout_basic
D:2:      layout_basic, serial_shops, shop, kennysheep_nub,
          minmay_misc_feat_tiny, uniq_terence

Skill      XL: |  1  2 |
---------------+-------+-----
Fire Magic     | 3 |  3.2
Spellcasting   | 2 |  2.3
Fighting       | |  4.7
Maces & Flails | |  2.8

Action                     || total
---------------------------++-------
  Melee: Mace              ||    55
         Short sword       ||    26
   Fire: Sling             ||     5
   Cast: Scorch            ||    25
 Armour: Robe              ||    27
  Dodge: Dodged            ||    39
